 Dungeon Crawl Stone Soup version 0.16.0-16-g311141a (webtiles) character file.

2755 vatarom the Basher (level 9, 0/89 HPs)
             Began as an Ogre Hunter on Mar 15, 2015.
             Was a Follower of Okawaru.
             Slain by a hound skeleton (4 damage)
             ... on level 8 of the Dungeon on Mar 19, 2015.
             The game lasted 00:18:36 (7169 turns).

vatarom the Basher (Ogre Hunter)                    Turns: 7169, Time: 00:18:36

Health: 0/89       AC:  6    Str: 22    XL:     9   Next: 68%
Magic:  9/9        EV: 12    Int: 10    God:    Okawaru [*.....]
Gold:   178        SH:  0    Dex:  8    Spells: 0 memorised, 8 levels left

rFire  . . .     SeeInvis +     s - +0 giant spiked club
rCold  . . .     Clarity  .     v - +0 troll leather armour
rNeg   . . .     SustAb   +     (shield restricted)
rPois  .         Gourm    .     (helmet restricted)
rElec  .         Spirit   .     f - +0 cloak
rCorr  .         Warding  .     (gloves unavailable)
rMut   .         Stasis   .     (boots unavailable)
MR     .....                    (no amulet)
Stlth  +.........               (no ring)
                                g - ring of sustain abilities

@: lethally poisoned (0 -> 0), not resistant to hostile enchantments, very
unstealthy
A: unfitting armour, see invisible, clumsy 1, tough skin 1, wild magic 1,
MP-powered wands 1
a: Heroism, Renounce Religion


You were on level 8 of the Dungeon.
You worshipped Okawaru.
Okawaru was aware of your devotion.
You were not hungry.

You visited 2 branches of the dungeon, and saw 9 of its levels.
You also visited: Ossuary.

You collected 578 gold pieces.
You spent 400 gold pieces at shops.

Inventory:

Hand weapons
 o - a cursed +0 blowgun
 s - a +0 giant spiked club (weapon)
Missiles
 c - 2 throwing nets
 e - 4 large rocks (quivered)
 k - 8 curare-tipped needles
Armour
 d - a +1 animal skin
 f - a +0 cloak (worn)
 v - a +0 troll leather armour (worn)
Jewellery
 g - a ring of sustain abilities (left hand)
Magical devices
 b - a wand of random effects (45)
 m - a wand of disintegration (16)
 u - a wand of lightning (8)
 y - a wand of slowing (21)
 A - a wand of digging (11)
Scrolls
 a - 11 scrolls of remove curse
 i - a scroll of recharging
 j - 3 scrolls of teleportation
 l - 7 scrolls of identify
 p - 2 scrolls of enchant armour
 q - a scroll of magic mapping
 x - a scroll of amnesia
Potions
 n - a potion of lignification
 r - a potion of flight
 t - 2 potions of restore abilities
 z - 2 potions of curing
 B - a potion of cure mutation
 C - 2 potions of might
 D - a potion of berserk rage
 E - 2 potions of resistance
 F - 4 potions of agility
 I - a potion of heal wounds
Books
 w - a book of Air

   Spells                             Type                      Level
   a - Shock                          Conjuration/Air              1
   b - Swiftness                      Charms/Air                   2
   c - Repel Missiles                 Charms/Air                   2
   d - Flight                         Charms/Air                   3
   e - Static Discharge               Conjuration/Air              3
   f - Lightning Bolt                 Conjuration/Air              5
Comestibles
 h - 6 bread rations
 G - 11 fruits
 H - a meat ration


   Skills:
 - Level 6.0 Fighting
 - Level 10.0 Maces & Flails
 - Level 4.3 Throwing
 + Level 8.9 Dodging
 - Level 0.7 Stealth


You had 8 spell levels left.
You didn't know any spells.

Dungeon Overview and Level Annotations

Branches:
Dungeon (8/15)             Temple (1/1) D:6
   Lair: D:8-11

Altars:
Ashenzari
Dithmenos
Fedhas
Gozag
Kikubaaqudgha
Nemelex Xobeh
Okawaru
Qazlal
Ru
Trog
Vehumet
Xom
Yredelemnul
The Shining One

Shops:
D:5 ![[   D:7 !


Innate Abilities, Weirdness & Mutations

You are too large for most types of armour.
You have tough skin (AC +1).
You have supernaturally acute eyesight.
You are clumsy. (Dex -2)
Your spells are a little harder to cast, but a little more powerful.
You expend magic power (3 MP) to slightly strengthen your wands.


Message History

The ogre completely misses you. The ogre misses you.
The water moccasin closely misses you. The hound skeleton bites you.
The crimson imp barely misses you.
You completely miss the water moccasin.
The water moccasin is almost dead.
You feel sick. The water moccasin closely misses you.
The ogre hits you with a giant spiked club!!
* * * LOW HITPOINT WARNING * * *
The hound skeleton bites you.
* * * LOW HITPOINT WARNING * * *
The crimson imp barely misses you.
The ogre hits you with a giant spiked club!
* * * LOW HITPOINT WARNING * * *
The water moccasin closely misses you. The hound skeleton misses you.
Read which item? (? for menu, Esc to quit)
As you read the scroll of magic mapping, it crumbles to dust.
You feel aware of your surroundings.
You sensed 2 altars.
You feel sick. The water moccasin barely misses you. The ogre misses you.
The crimson imp barely misses you. The hound skeleton bites you.
You die...

.#######..# [# ##..## ##
###....# # #......#### #
#+#.#.....###
****_###..##...# *,,*+*
#..####.#####****** #*,,,,*
#..#*##.OO>.#..$.,** #,,****
#...*#..@Z..$....,,**
..#*****#.#.....S5.......,,,*
......,,..........!.....,,,,*
######**#.#.............,,,,*
# *,,,,*,###...........,,,,*
# *,,,,*,* #..........,,,,,*
# *,,,,*,* #........[,,,,,,*
#***,,,,*,* ##.......,,,,,,**
,,,,,,,,*,* **...,,*,,,,,**


You could see a water moccasin, 2 ogres, a crimson imp and a hound skeleton.

Vanquished Creatures
  The ghost of Lazygun the Covert, an experienced KoAs (D:6)
  Eustachio (D:6)
  2 sky beasts
  A phantom (D:8)
  A black bear (D:6)
  2 orc warriors
  2 ogres
  Sigmund (D:5)
  Duvessa (D:5)
  A giant frog (D:6)
  Blork the orc (D:6)
  4 scorpions
  4 wights (D:6)
  A goliath beetle (D:7)
  Dowan (D:5)
  2 crimson imps
  A jelly (D:7)
  Crazy Yiuf (D:3)
  4 orc priests
  An orc wizard (D:4)
  A giant frog skeleton (D:6)
  3 hounds
  2 worker ants
  An iguana (D:6)
  8 mummies (Ossuary)
  A hound skeleton (D:5)
  Robin (D:3)
  9 adders
  A river rat (D:6)
  2 shadow imps
  A white imp (D:6)
  A worm (D:3)
  An adder skeleton (D:6)
  5 giant geckos
  2 oozes
  28 orcs
  A ball python (D:2)
  2 bat skeletons
  4 bat zombies
  18 goblins
  18 hobgoblins
  8 jackals
  17 bats
  3 giant cockroaches
  A giant gecko skeleton (D:4)
  9 giant newts
  2 hobgoblin zombies (Ossuary)
  9 kobolds
  4 kobold zombies (Ossuary)
  2 orc zombies (Ossuary)
  3 quokkas
  A quokka skeleton (D:6)
  13 rats
  5 ballistomycetes (D:6)
220 creatures vanquished.

Vanquished Creatures (others)
  A crimson imp (D:6)
  A giant spore (D:6)
2 creatures vanquished.

Grand Total: 222 creatures vanquished

Notes
Turn   | Place    | Note
--------------------------------------------------------------
     0 | D:1      | vatarom, the Ogre Hunter, began the quest for the Orb.
     0 | D:1      | Reached XP level 1. HP: 22/22 MP: 1/1
   122 | D:1      | Upgraded the game from 0.16.0-7-ge91f220 to 0.16.0-16-g311141a
   144 | D:1      | Reached XP level 2. HP: 26/31 MP: 2/2
   800 | D:2      | Reached XP level 3. HP: 40/40 MP: 3/3
   930 | D:2      | Reached skill level 5 in Fighting
  1177 | D:2      | Reached XP level 4. HP: 37/52 MP: 4/4
  1323 | D:2      | Reached skill level 6 in Fighting
  1464 | D:3      | Reached skill level 1 in Maces & Flails
  1509 | D:3      | Noticed Robin
  1939 | D:3      | Reached XP level 5. HP: 34/59 MP: 5/5
  2150 | D:3      | Killed Robin
  2870 | D:3      | Found a shadowy altar of Dithmenos.
  3032 | D:3      | Noticed Crazy Yiuf
  3037 | D:3      | Killed Crazy Yiuf
  3037 | D:3      | Reached skill level 5 in Maces & Flails
  3037 | D:3      | Reached XP level 6. HP: 57/67 MP: 4/6
  3267 | D:4      | Found a sand-covered staircase.
  3289 | Ossuary  | Entered an ossuary
  3988 | D:4      | Found an ancient bone altar of Kikubaaqudgha.
  4129 | D:4      | Reached skill level 7 in Maces & Flails
  4244 | D:5      | Entered Level 5 of the Dungeon
  4295 | D:5      | Found Maucrol's Distillery.
  4304 | D:5      | Reached XP level 7. HP: 75/75 MP: 7/7
  4314 | D:5      | Bought 2 potions of curing for 60 gold pieces
  4314 | D:5      | Bought a potion of lignification for 30 gold pieces
  4314 | D:5      | Bought a potion of heal wounds for 50 gold pieces
  4394 | D:5      | Reached skill level 8 in Maces & Flails
  4486 | D:5      | Found a glowing golden altar of the Shining One.
  4657 | D:5      | Noticed Sigmund
  4667 | D:5      | Killed Sigmund
  4721 | D:5      | Noticed Duvessa
  4721 | D:5      | Noticed Dowan
  4725 | D:5      | Killed Dowan
  4729 | D:5      | Killed Duvessa
  4729 | D:5      | Reached skill level 9 in Maces & Flails
  4926 | D:5      | Found Kokhuuf's Armour Emporium.
  4937 | D:5      | Bought a +0 troll leather armour for 225 gold pieces
  4956 | D:5      | Found Teor's Armour Shop.
  5060 | D:5      | Found a shattered altar of Ashenzari.
  5131 | D:5      | Reached XP level 8. HP: 83/83 MP: 8/8
  5387 | D:5      | Reached skill level 10 in Maces & Flails
  5469 | D:6      | Noticed Eustachio
  5511 | D:6      | Killed Eustachio
  5599 | D:6      | Found a shattered altar of Ashenzari.
  5784 | D:6      | Found a staircase to the Ecumenical Temple.
  5801 | Temple   | Entered the Ecumenical Temple
  5828 | Temple   | Became a worshipper of Warmaster Okawaru
  5863 | D:6      | Noticed Blork the orc
  5865 | D:6      | Killed Blork the orc
  5933 | D:6      | Reached skill level 5 in Dodging
  5975 | D:6      | Acquired Okawaru's first power
  5982 | D:6      | Reached XP level 9. HP: 50/89 MP: 9/9
  6072 | D:6      | Noticed Lazygun's ghost (experienced KoAs)
  6082 | D:6      | Killed Lazygun's ghost
  6439 | D:6      | Found a blossoming altar of Fedhas.
  6609 | D:7      | Found an opulent altar of Gozag.
  6641 | D:7      | Gained mutation: You are clumsy. (Dex -2) [mutagenic meat]
  6642 | D:7      | Gained mutation: You have supernaturally acute eyesight. [mutagenic meat]
  6643 | D:7      | Gained mutation: You are dopey. (Int -2) [mutagenic meat]
  6670 | D:7      | Found a stormy altar of Qazlal.
  6706 | D:7      | Found Fiwnomih's Distillery.
  6711 | D:7      | Bought a potion of mutation for 35 gold pieces
  6711 | D:7      | Lost mutation: You are dopey. (Int -2) [potion of mutation]
  6711 | D:7      | Gained mutation: You expend magic power (3 MP) to slightly strengthen your wands. [potion of mutation]
  6711 | D:7      | Gained mutation: Your spells are a little harder to cast, but a little more powerful. [potion of mutation]
  7168 | D:8      | HP: 4/89 [ogre/giant spiked club (10)]
  7169 | D:8      | Slain by a hound skeleton

Action                   |  1- 3 |  4- 6 |  7- 9 || total
-------------------------+-------+-------+-------++-------
Melee: Short sword       |    17 |       |       ||    17
       Club              |    86 |    76 |       ||   162
       Whip              |       |    62 |       ||    62
       Flail             |       |    29 |       ||    29
       Morningstar       |       |    60 |       ||    60
       Hammer            |       |     5 |       ||     5
       Giant club        |       |       |   139 ||   139
       Giant spiked club |       |       |   115 ||   115
Throw: Large rock        |    14 |    18 |       ||    32
       Throwing net      |     4 |     7 |       ||    11
  Use: Scroll            |     4 |    11 |     3 ||    18
       Potion            |     2 |     4 |    14 ||    20
  Eat: Meat ration       |       |     1 |     1 ||     2
       Chunk             |       |     1 |     3 ||     4
       Royal jelly       |       |     1 |       ||     1
       Bread ration      |       |     1 |     1 ||     2
       Beef jerky        |       |       |     2 ||     2
